Map: Dash and Terminal LE (Void)

Players

CaptRaynor

  • Race: Terran Terran
  • League: Grandmaster

kaysik - Winner!

  • Race: Terran Terran
  • League: Grandmaster

VOD

Have the link to the VOD?

Description

Time

  • Played on: Aug. 24, 2015, 12:07 a.m.
  • Length: 8:46
Show
View Real Time Build Order
Export as new Build Order

CaptRaynor Terran 

Build Orders:  

Get SALT Encoding   

  12  0:01  SCV  
  13  0:16  Supply Depot  
  13  0:18  SCV  
  14  0:30  SCV  
  15  0:40  Barracks  
  15  0:42  SCV  
  16  0:54  SCV  
  17  1:06  SCV, Refinery  
  18  1:18  SCV  
  18  1:21  Engineering Bay  
  19  1:29  Supply Depot  
  19  1:30  SCV  
  20  1:42  SCV  
  21  1:56  Missile Turret  
  21  2:06  Barracks Reactor  
  21  2:09  Barracks  
  21  2:13  SCV  
  22  2:19  Barracks  
  22  2:27  SCV  
  23  2:35  Missile Turret  
  23  2:39  SCV, Hi-Sec Auto Tracking  
  23  2:42  Marine x2  
  26  3:00  Marine  
  27  3:07  Marine x2  
  28  3:19  SCV  
  29  3:42  Command Center  
  29  3:52  Barracks Reactor  
  29  3:53  Barracks Tech Lab  
  29  3:54  Marine  
  29  3:55  Marine  
  31  4:04  Supply Depot  
  31  4:09  Refinery  
  30  4:24  Marine  
  31  4:39  Orbital Command  
  31  4:43  Combat Shields  
  31  4:47  Marine x2  
  31  4:48  Marauder  
  31  4:49  Marine x2  
  37  5:05  SCV, Supply Depot  
  38  5:18  Marine x4  
  38  5:19  Marauder  
  44  5:38  Factory  
  44  5:49  Planetary Fortress  
  44  5:54  SCV  
  45  6:04  Terran Infantry Weapons Level 1  
  45  6:10  Supply Depot  
  45  6:15  SCV  
  46  6:28  SCV x2  
  48  6:33  Marine x3  
  48  6:34  Marine  
  48  6:35  Marauder  
  54  6:48  Starport  
  54  6:54  Factory Tech Lab  
  54  7:04  SCV x2  
  54  7:07  Refinery  
  56  7:10  Marine x4  
  56  7:11  Marauder  
  62  7:18  Supply Depot  
  62  7:37  Command Center  
  56  8:06  Marine x4  
  56  8:09  Marauder  
  62  8:13  SCV  
  62  8:14  SCV  
Show
View Real Time Build Order
Export as new Build Order

kaysik Terran - Winner!

Build Orders:  

Get SALT Encoding   

  12  0:02  SCV  
  13  0:15  Supply Depot  
  13  0:19  SCV  
  14  0:31  SCV  
  15  0:42  Barracks  
  15  0:43  SCV  
  16  0:51  Refinery  
  16  0:56  Refinery  
  16  1:04  SCV  
  17  1:16  SCV  
  18  1:29  SCV  
  18  1:31  Barracks  
  19  1:33  Reaper  
  20  1:41  SCV  
  21  1:53  SCV  
  22  1:55  Factory  
  22  2:04  Supply Depot  
  22  2:11  Marine  
  23  2:20  Orbital Command  
  23  2:27  Marine  
  24  2:38  Reaper  
  25  3:00  SCV  
  26  3:12  SCV  
  26  3:22  Factory Tech Lab  
  26  3:24  Barracks Reactor x2  
  25  3:29  Command Center  
  25  3:31  SCV  
  26  3:43  SCV, Siege Tank  
  30  3:52  Factory  
  30  4:21  SCV  
  31  4:30  Marine  
  31  4:37  Supply Depot  
  31  4:41  Siege Tank, Marine  
  31  4:43  Orbital Command  
  35  4:45  Factory Tech Lab, SCV  
  35  4:52  Supply Depot  
  36  4:54  Marine x2  
  38  5:08  Marine x2  
  40  5:27  Marine x3  
  43  5:31  Siege Tank x2  
  49  5:39  Orbital Command  
  49  5:40  Marine  
  50  5:45  Starport, Marine  
  51  6:17  Marine x4  
  54  6:18  Siege Tank  
  54  6:19  Siege Tank  
  54  6:21  SCV x2  
  62  6:33  SCV  
  62  6:34  Marine  
  62  6:35  Marine  
  65  7:17  Marine x4  
  69  7:35  Marine  
  70  7:48  Siege Tank  
Tags
 
Add a new tag
Caveats
  • Supply blocks, unpowered buildings, or Contaminate may cause inaccurate times.
  • Supply counts are checked every 10 seconds.